 Dungeon Crawl Stone Soup version 0.31-a0-263-ge8cad7f256 (webtiles) character file.

Game seed: 17444664185674533269

98 cforsyth the Changeling (level 5, -3/41 HPs)
             Began as a Meteoran Shapeshifter on July 14, 2023.
             Killed by divine providence
             ... invoked by an orc priest
              (15 damage)
             ... on level 3 of the Dungeon.
             The game lasted 00:05:18 (731 turns).

cforsyth the Changeling (Meteoran Shapeshifter)      Turns: 731, Time: 00:05:19

Health: -3/41      AC: 10    Str: 15 (18) XL:     5   Next: 22%
Magic:  6/6        EV:  9    Int:  9 (10) God:
Gold:   29         SH:  0    Dex: 11 (14) Spells: 4/4 levels left

rFire   . .          .
                       - Unarmed
rCold   . . .        (no shield)
rNeg    . . .        k - +0 plate armour
rPois   .            (helmet currently unavailable)
rElec   .            (cloak currently unavailable)
rCorr   .            (gloves currently unavailable)
SInv    .            (boots currently unavailable)
Will    .....        (no amulet) Stlth
                     h - +5 ring of evasion
HPRegen 0.26/turn    (no ring)
MPRegen 0.10/turn

%: no passive effects
@: beast-form, attractive, glowing
A: beast (slay +3), sense surroundings 1, otherworldly, glowing, explore regen
a: Begin Untransformation


You were on level 3 of the Dungeon.
You were a hulking beast.
You visited 1 branch of the dungeon, and saw 3 of its levels.

You collected 29 gold pieces.

Inventory:

Armour
 a - a +0 animal skin
 b - a +0 scale mail
 f - a +0 helmet
 i - a +0 ring mail
 k - a +0 plate armour (worn)
 m - a +0 cloak
Jewellery
 h - a +5 ring of evasion (left hand)
Talismans
 c - a beast talisman
Scrolls
 d - a scroll of identify
 j - a scroll of poison {unknown}
 l - a scroll of amnesia {unknown}
 o - a scroll of vulnerability {unknown}


   Skills:
 - Level 2.1 Fighting
 - Level 2.4 Dodging
 + Level 4.4 Unarmed Combat
 + Level 4.8 Shapeshifting


You had 4 spell levels left.
You didn't know any spells.
Your spell library contained the following spells:

 Spells                   Type           Power      Damage    Failure   Level
 Sandblast                Erth           0%         2d4       100%        1
 Passwall                 Tmut/Erth      0%         N/A       100%        2
 Stone Arrow              Conj/Erth      0%         3d7       100%        3
 Vhi's Electric Charge    Tloc/Air       0%         N/A       100%        3
 Arcjolt                  Conj/Air       0%         1d10      100%        5
 Maxwell's Capacitive Co  Air            0%         ∞         100%        8


Dungeon Overview and Level Annotations

Branches:
Dungeon (3/15) Zot: 1076

Altars:

Annotations:
D:2 Sigmund


Innate Abilities, Weirdness & Mutations

You are a hulking beast.
Your limbs bulge with bestial killing power. (Slay +3)
You passively map a small area around you.
You are easily found by Zot.
You glow in the dark.
You regain HP and MP as you explore.


Message History

The orc wizard hits you but does no damage.
The orc priest is attracted toward you. The orc is attracted toward you.
The rat is attracted toward you. The orc priest is attracted toward you.
It was a potion of degeneration.
There was something very wrong with that liquid.
You feel weakened.
You feel dopey.
You feel clumsy. The giant cockroach closely misses you.
The orc closely misses you. The orc wizard closely misses you.
The orc priest mumbles some strange prayers to Beogh against you.
Beogh smites you! The orc priest is attracted toward you.
You completely miss the orc priest.
The giant cockroach bites you but does no damage.
You hit the orc priest but do no damage.
The orc priest hits you but does no damage.
The orc wizard hits you but does no damage.
The orc priest hits you with a +0 war axe.
The orc hits you but does no damage.
The giant cockroach bites you but does no damage.
You hit the orc priest. Your punch misses the orc priest.
The orc priest is moderately wounded.
The orc priest hits you with a +0 mace.
The orc priest mumbles some strange prayers to Beogh against you.
Beogh smites you!
* * * LOW HITPOINT WARNING * * *
The orc wizard hits you but does no damage.
The orc hits you from afar with a +0 trident.
* * * LOW HITPOINT WARNING * * *
The rat bites you but does no damage.
The giant cockroach bites you but does no damage.
Blink to where?
Press: ? - help, Dir - move target
Found a stone staircase leading up.
As you read the scroll labelled TATO AXZUEJENI, it crumbles to dust.
It was a scroll of blinking.
The orc is attracted toward you. The orc priest is attracted toward you.
The orc wizard is attracted toward you.
The giant cockroach is attracted toward you.
The orc priest is attracted toward you.
The orc priest invokes the aid of Beogh against you.
Beogh smites you!
You die...

...##....B......###
.#..####r.§.......#
###.# *#.§#§§.....#
.# ... ....B......#
.# ####....oo....#
.# ,..#...oo...# .#
#.#........# .#
#.#........# .#
.......h.# ..#
.......<.# ...#
...#..#### .... ##
#..* #.#* #.., ,#.
,, * ,, .. ,,.. ,,*
,


You could see 2 orc priests, an orc wizard, an orc and a giant cockroach.

Vanquished Creatures
  Terence (D:2)
  Natasha (D:3)
  An adder (D:2)
  A worm (D:2)
  A ball python (D:3)
  2 bats (D:1)
  3 endoplasms
  5 goblins
  4 hobgoblins
  6 jackals
  A quokka (D:2)
  2 frilled lizards
  2 kobolds (D:1)
  3 rats
33 creatures vanquished.

Notes
Turn   | Place    | Note
-------+----------+-------------------------------------------
     0 | D:1      | cforsyth the Meteoran Shapeshifter began the quest for the
                  | Orb.
     0 | D:1      | Reached XP level 1. HP: 17/17 MP: 2/2
   110 | D:1      | Reached XP level 2. HP: 24/24 MP: 3/3
   286 | D:1      | Reached XP level 3. HP: 24/29 MP: 4/4
   427 | D:2      | Noticed Sigmund
   470 | D:2      | Noticed Terence
   503 | D:2      | Killed Terence
   504 | D:2      | Reached XP level 4. HP: 6/36 MP: 5/5
   707 | D:3      | Noticed Natasha
   716 | D:3      | Killed Natasha
   717 | D:3      | Reached XP level 5. HP: 37/41 MP: 6/6
   731 | D:3      | Killed from afar by an orc priest

Illustrated notes

Levels and vault maps discovered:
D:1:      nicolae_arrival_washed_ashore, layout_loops_corners, serial_shops,
          nicolae_shop_just_a_little_nook
D:2:      layout_basic, serial_co_window_serial, co_window_of_opportunity_a,
          co_window_corner_a, co_window_corner_a, co_window_paths_b,
          co_window_corner_a, co_window_unsneaky_path_e, co_window_corner_b,
          co_window_corner_cb, glass_columns_a, glass_columns_a,
          glass_columns_a, glass_columns_c, glass_columns_a, uniq_terence,
          uniq_sigmund
D:3:      layout_rooms, corexii_item_surrounded_by_moat, uniq_natasha

Skill      XL: |  1  2  3 |
---------------+----------+-----
Unarmed Combat | 3 4 |  4.4
Shapeshifting  | 4 |  4.8
Fighting       | |  2.1
Dodging        | |  2.4

Action                     |  1- 3 |  4- 6 || total
---------------------------+-------+-------++-------
  Melee: Unarmed           |    63 |    35 ||    98
         Punch             |     1 |       ||     1
    Use: Scroll            |     2 |     1 ||     3
         Potion            |     1 |     3 ||     4
 Armour: Animal skin       |     4 |       ||     4
         Skin              |    37 |       ||    37
         Ring mail         |     7 |       ||     7
         Plate armour      |       |    22 ||    22
         Scale mail        |       |     2 ||     2
  Dodge: Dodged            |    39 |    19 ||    58

Table legend: (Time is in decaauts)
 A = Elapsed time spent in this place.
 B = Non-inter-level travel time spent in this place.
 C = Inter-level travel time spent in this place.
 D = Time resting spent in this place.
 E = Time spent auto-exploring this place.
 F = Levels seen in this place.
 G = Mean time per level.
                   A        B        C        D        E       F      G
               +--------+--------+--------+--------+--------+-----+--------+
         Total |    722 |    722 |      0 |      0 |      0 |   3 |  240.7 |
       Dungeon |    722 |    722 |      0 |      0 |      0 |   3 |  240.7 |
               +--------+--------+--------+--------+--------+-----+--------+

Top non-repeatable levels by time:
     D:1: 319 daAuts
     D:2: 312 daAuts
     D:3: 90 daAuts
